 Dungeon Crawl Stone Soup version 0.27.1-33-g824d729ab1 (webtiles) character file.

Game seed: 9116250381186568816

1407 zeram the Cudgeller (level 8, -10/46 HPs)
             Began as a Gargoyle Fighter on Dec 30, 2021.
             Mangled by an ogre (17 damage)
             ... in the Ecumenical Temple.
             The game lasted 00:07:24 (6406 turns).

zeram the Cudgeller (Gargoyle Fighter)              Turns: 6406, Time: 00:07:25

Health: -10/46     AC: 14    Str: 23    XL:     8   Next: 70%
Magic:  8/8        EV:  9    Int:  8    God:
Gold:   271        SH: 10    Dex:  9    Spells: 7/7 levels left

rFire    . . .     SeeInvis .   a - +1 flail
rCold    . . .     Faith    .   c - +0 kite shield
rNeg     + . .     Spirit   .   b - +0 scale mail
rPois    ∞         Reflect  .   h - +1 hat
rElec    +         Harm     .   (no cloak)
rCorr    +         Rampage  .   (no gloves)
Will     .....                  (no boots)
Stlth    ..........             (no amulet)
HPRegen  0.15/turn              n - ring of resist corrosion
MPRegen  0.11/turn              (no ring)

@: no status effects
A: sickness immunity, AC +5, negative energy resistance 1, electricity
resistance, torment resistance 1, petrification resistance
a: no special abilities


You were in the Ecumenical Temple.
You visited 2 branches of the dungeon, and saw 7 of its levels.

You collected 271 gold pieces.

Inventory:

Hand Weapons
 a - a +1 flail (weapon)
Missiles
 d - 12 poisoned darts
 j - a throwing net (quivered)
Armour
 b - a +0 scale mail (worn)
 c - a +0 kite shield (worn)
 h - a +1 hat (worn)
Jewellery
 n - a ring of resist corrosion (left hand)
Wands
 i - a wand of flame (20)
 p - a wand of paralysis (8)
Scrolls
 k - a scroll of teleportation {unknown}
 l - a scroll of torment {unknown}
 m - a scroll of enchant armour {unknown}
 q - a scroll of identify
Potions
 e - 2 potions of curing {unknown}
 f - a potion of cancellation {unknown}
 g - a potion of haste {unknown}
 r - a potion of magic {unknown}
 s - 2 potions of heal wounds


   Skills:
 - Level 3.2 Fighting
 + Level 7.0 Maces & Flails
 + Level 6.1 Armour
 + Level 2.4 Dodging
 + Level 6.8 Shields


You had 7 spell levels left.
You didn't know any spells.
Your spell library contained the following spells:

 Spells                   Type           Power      Damage    Failure   Level
 Ensorcelled Hibernation  Hex/Ice        0%         N/A       99%         2
 Spider Form              Tmut/Pois      0%         N/A       100%        3
 Shadow Creatures         Summ           N/A        N/A       100%        6


Dungeon Overview and Level Annotations

Branches:
Dungeon (6/15)             Temple (1/1) D:6

Altars:
Hepliaklqana


Innate Abilities, Weirdness & Mutations

You are immune to sickness and miasma.
Your stone body is resilient. (AC +5)
You are immune to poison.
You resist negative energy. (rN+)
You are resistant to electric shocks. (rElec)
You are resistant to unholy torment.
You are immune to petrification.


Message History

You barely miss the ogre.
The ogre is severely wounded.
The adder hisses angrily.
The centaur hits you. The centaur barely misses you.
The ogre hits you with a +0 giant club!!
Ouch! That really hurt!
You are too injured to fight recklessly!
You are too injured to fight recklessly!
You are too injured to fight recklessly!
You are too injured to fight recklessly!
You are too injured to fight recklessly!
You are too injured to fight recklessly!
You are too injured to fight recklessly!
You are too injured to fight recklessly!
You are too injured to fight recklessly!
You are too injured to fight recklessly!
You are too injured to fight recklessly!
You are too injured to fight recklessly!
You are too injured to fight recklessly!
You are too injured to fight recklessly!
You are too injured to fight recklessly!
You are too injured to fight recklessly!
You are too injured to fight recklessly!
You are too injured to fight recklessly!
The centaur wields a +0 shortbow.
The centaur shoots an arrow.
The arrow hits you!
* * * LOW HITPOINT WARNING * * *
The centaur shoots an arrow.
You block the arrow.
Okay, then.
A jelly comes into view.
The jelly quivers.
There is a staircase to the Ecumenical Temple here.
The ogre closely misses you. You block the jelly's attack.
You climb downwards.
Welcome to the Ecumenical Temple!
Found a hazy altar of Hepliaklqana.
There is a staircase back to the Dungeon here.
As you read the scroll labelled WEADYCS VAEBUF, it crumbles to dust.
It is a scroll of enchant weapon.
Your +0 flail glows red for a moment.
The ogre hits you with a +0 giant club!
You die...

###############
#.............#
.......@.......
.......JO......
.....##.##.....
.... ... ....
... ._. ... #.
#...# .# .
##.## . ...


You could see an ogre and a jelly.

Vanquished Creatures
  Pikel (D:4)
  An ogre (D:5)
  A necrophage (D:5)
  A centaur (D:6)
  2 scorpions
  A wyvern zombie (D:5)
  2 orc priests (D:5)
  A hound (D:4)
  3 jellies
  2 bullfrog skeletons
  An iguana (D:5)
  2 orc wizards
  A hound skeleton (D:4)
  6 gnolls
  2 howler monkey skeletons (D:6)
  5 adders
  A shadow imp (D:5)
  An adder skeleton (D:4)
  3 dart slugs
  14 orcs
  3 endoplasms
  A giant cockroach (D:1)
  10 goblins
  10 hobgoblins
  14 jackals
  9 kobolds
  7 quokkas
  8 ball pythons
  7 bats
  2 frilled lizards
  A jackal skeleton (D:4)
  7 rats
130 creatures vanquished.

Vanquished Creatures (others)
  6 plants (D:3)
6 creatures vanquished.

Grand Total: 136 creatures vanquished

Notes
Turn   | Place    | Note
-------+----------+-------------------------------------------
     0 | D:1      | zeram the Gargoyle Fighter began the quest for the Orb.
     0 | D:1      | Reached XP level 1. HP: 14/14 MP: 1/1
    78 | D:1      | Reached XP level 2. HP: 11/19 MP: 2/2
   751 | D:1      | Reached XP level 3. HP: 23/23 MP: 3/3
   928 | D:1      | Found a faded altar of an unknown god.
  1307 | D:2      | Reached skill level 3 in Maces & Flails
  1647 | D:2      | Reached XP level 4. HP: 19/28 MP: 4/4
  2068 | D:3      | Noticed a scorpion
  2075 | D:3      | Killed a scorpion
  2076 | D:3      | Reached skill level 1 in Dodging
  2076 | D:3      | Reached XP level 5. HP: 28/32 MP: 5/5
  3030 | D:4      | Reached skill level 4 in Maces & Flails
  3303 | D:4      | Reached XP level 6. HP: 37/37 MP: 6/6
  3439 | D:4      | Noticed Pikel
  3457 | D:4      | Killed Pikel
  3458 | D:4      | Reached skill level 5 in Maces & Flails
  3458 | D:4      | Reached skill level 5 in Shields
  3458 | D:4      | Reached XP level 7. HP: 25/41 MP: 7/7
  3604 | D:4      | Reached skill level 5 in Armour
  4354 | D:5      | Entered Level 5 of the Dungeon
  4702 | D:5      | Reached XP level 8. HP: 9/46 MP: 8/8
  5212 | D:5      | Reached skill level 6 in Maces & Flails
  6265 | D:6      | Reached skill level 7 in Maces & Flails
  6359 | D:6      | Found a staircase to the Ecumenical Temple.
  6405 | Temple   | Entered the Ecumenical Temple
  6406 | Temple   | Mangled by an ogre

Illustrated notes

Levels and vault maps discovered:
D:1:      minmay_arrival_up_and_down, layout_basic,
          shapermc_ecumenical_altar_totnotflames
D:2:      layout_rooms
D:3:      layout_basic, serial_forest, infiniplex_forest_clump_large,
          infiniplex_forest_end_3, infiniplex_forest_corner_1,
          infiniplex_forest_clump_tiny, infiniplex_forest_clump_tiny,
          infiniplex_forest_straight_4, infiniplex_forest_lined_ring
D:4:      layout_loops_ring, uniq_pikel
D:5:      layout_loops_cross
D:6:      layout_rooms, tgw_xom, minmay_temple_entry_steel_oval,
          grunt_ministairs_9, minmay_misc_feat_roman, hangedman_decor_growths,
          dk_rats_in_the_wall
Temple:   nicolae_temple_elliptical

Skill      XL: |  1  2  3  4  5  6  7  8 |
---------------+-------------------------+-----
Maces & Flails | 3 4 5 7 |  7.0
Shields        | 4 5 6 |  6.8
Dodging        | 1 2 |  2.4
Armour         | 4 5 6 |  6.1
Fighting       | |  3.2

Action                   |  1- 3 |  4- 6 |  7- 9 || total
-------------------------+-------+-------+-------++-------
Melee: Flail             |   142 |   167 |   236 ||   545
  Use: Scroll            |     3 |     1 |     3 ||     7
       Potion            |       |     1 |     2 ||     3
Armor: Scale mail        |   103 |    94 |   113 ||   310
       Skin              |       |       |     2 ||     2
Dodge: Dodged            |    55 |    67 |    95 ||   217
Block: Kite shield       |   103 |    92 |   163 ||   358
